 Dungeon Crawl Stone Soup version 0.29.1-2-gbd0b4ee654 (webtiles) character file.

Game seed: 2782572407641221740

102780 Godmorgon the Bludgeoner (level 16, -5/133 HPs)
             Began as a Formicid Abyssal Knight on Oct 24, 2022.
             Was the Champion of Lugonu.
             Killed by divine providence
             ... invoked by a meliai
              (12 damage)
             ... on level 14 of the Dungeon on Oct 26, 2022.
             The game lasted 02:55:07 (28627 turns).

Godmorgon the Bludgeoner (Formicid Abyssal Knight) Turns: 28627, Time: 02:55:08

Health: -5/133     AC: 22    Str: 27    XL:     16   Next: 87%
Magic:  26/26      EV: 12    Int:  9    God:    Lugonu [******]
Gold:   3933       SH:  0    Dex: 20    Spells: 15/15 levels left

rFire   . . .      SeeInvis +   b - +2 demon whip (distort)
rCold   . . .      Faith    .   (no shield)
rNeg    . . .      Spirit   .   D - +0 plate armour
rPois   .          Reflect  .   (helmet unavailable)
rElec   .          Harm     .   k - +1 cloak {Stlth+}
rCorr   .          Rampage  .   l - +0 pair of gloves
Will    +....                   g - +0 pair of boots
Stlth   ..........              n - amulet of regeneration
HPRegen 1.12/turn               B - +4 ring of evasion
MPRegen 0.20/turn               M - +6 ring of dexterity

@: no status effects
A: permanent stasis, dig shafts and tunnels, antennae 3, four strong arms
a: Dig, Shaft Self, Renounce Religion, Depart the Abyss, Bend Space, Banish,
Corrupt, Enter the Abyss


You were on level 14 of the Dungeon.
You worshipped Lugonu.
Lugonu was exalted by your worship.
You visited 2 branches of the dungeon, and saw 19 of its levels.
You visited the Abyss 1 time.
You also visited: Sewer, Ossuary, Bailey and Ice Cave.

You collected 3933 gold pieces.

Inventory:

Hand Weapons
 a - a +0 giant club
 b - a +2 demon whip of distortion (weapon)
Missiles
 d - 27 poisoned darts (quivered)
 m - 6 javelins
 y - 5 boomerangs
 E - a curare-tipped dart
 N - a throwing net
Armour
 g - a +0 pair of boots (worn)
 k - a +1 cloak of stealth (worn)
 l - a +0 pair of gloves (worn)
 D - a +0 plate armour (worn)
Jewellery
 n - an amulet of regeneration (around neck)
 B - a +4 ring of evasion (left hand)
 L - a ring of ice
 M - a +6 ring of dexterity (right hand)
Wands
 q - a wand of acid (7)
 s - a wand of digging (15)
 x - a wand of flame (36)
 F - a wand of roots (16)
 G - a wand of charming (27)
 I - a wand of mindburst (10)
Scrolls
 h - a scroll of summoning
 r - 2 scrolls of torment {unknown}
 t - 3 scrolls of fear
 v - a scroll of magic mapping
 w - 3 scrolls of poison {unknown}
 z - 3 scrolls of butterflies
 A - a scroll of vulnerability
 C - a scroll of enchant armour
 H - 2 scrolls of immolation
 O - a scroll of enchant weapon
 P - a scroll of silence {unknown}
Potions
 e - 3 potions of cancellation
 f - 9 potions of curing
 i - 3 potions of invisibility
 j - a potion of flight
 o - 2 potions of might
 p - 7 potions of ambrosia
 u - a potion of heal wounds
 J - 7 potions of lignification
 K - a potion of attraction
Miscellaneous
 c - a phial of floods


   Skills:
 * Level 14.0 Fighting
 + Level 15.2 Maces & Flails
 + Level 9.8 Throwing
 * Level 13.6 Armour
 - Level 0.8 Dodging
 + Level 14.5 Invocations


You had 15 spell levels left.
You didn't know any spells.
Your spell library was empty.

Dungeon Overview and Level Annotations

Branches:
Dungeon (14/15)            Temple (0/1) D:7            Lair (5/5) D:9
 Shoals (0/4) Lair:2       Spider (0/4) Lair:2        Slime (0/5) Lair:5
    Orc (0/2) D:9          Vaults (0/5) D:13          Sewer (visited)
Ossuary (visited)          Bailey (visited)           IceCv (visited)

Altars:
Cheibriados
Elyvilon
Fedhas
Nemelex Xobeh
Okawaru
Qazlal
Xom
Yredelemnul
Zin

Shops:
D:4 *   D:6 (

Annotations:
D:14 Snorg
Lair:2 exclusion: ice statue
Lair:5 2 runed translucent doors
Abyss:1 Rupert


Innate Abilities, Weirdness & Mutations

You cannot be hasted, slowed, berserked, paralysed or teleported.
You can dig through walls and to a lower floor.
You have a pair of large antennae on your head. (SInv)
Your four strong arms can wield two-handed weapons with a shield.


Message History

You see here a shapeshifter corpse.
The meliai attacks as you move away! The meliai hits you but does no damage.
The meliai stings you. The meliai hits you but does no damage.
The meliai stings you.
The meliai calls upon its god to heal the meliai.
The meliai's wounds heal themselves!
A vampire mosquito comes into view.
The meliai barely misses you.
The meliai stings you but does no damage.
The meliai misses you.
The meliai stings you but does no damage.
The meliai hits you but does no damage. The meliai stings you.
You are poisoned.
The meliai poisons you!
The vampire mosquito buzzes angrily.
The meliai attacks as you move away! The meliai hits you with a +0 hand axe!
The meliai stings you but does no damage.
You feel very sick. Snorg barely misses you. Snorg closely misses you.
Snorg claws you.
The meliai invokes the aid of its god against you.
Something smites you!
* * * LOW HITPOINT WARNING * * *
The meliai hits you but does no damage.
The meliai stings you but does no damage.
Snorg closely misses you. Snorg claws you but does no damage. Snorg claws you.
* * * LOW HITPOINT WARNING * * *
Snorg attacks as you move away! Snorg closely misses you.
Snorg barely misses you. Snorg claws you but does no damage.
You feel very sick.
The meliai invokes the aid of its god against you.
Something smites you!
* * * LOW HITPOINT WARNING * * *
The meliai invokes the aid of its god against you.
Something smites you!
* * * LOW HITPOINT WARNING * * *
You feel better. The meliai hits you but does no damage. The meliai stings you!
* * * LOW HITPOINT WARNING * * *
The meliai mumbles some strange prayers to its god against you.
Something smites you!
You die...

#...#######......
##.###8###8###.#..
#..#8##'.'##8#.... .
#.###'.....'###... ...
#.#8#..§....#8#.?.
....##......§§≈..'##...
.............≈8≈.).# .
....###......≈≈≈..'##
.## ## #@#8#...))..#.#
.... #y###).....'###
.##..######Ty#.##'.'##?#
......y.{yyy.###8###.###
..........†....## ###
...#.#.#######...... ...
...... {..... #....
...#.#. ....


You could see Snorg (berserk), a vampire mosquito and 3 meliai.

Vanquished Creatures
  Gastronok (Lair:3)
  Kirke (Lair:3)
  A white draconian (IceCv)
  Josephine (D:9)
  3 boulder beetles
  9 hydras
  4 centaur warriors
  3 two-headed ogres
  A tengu warrior (D:13)
  6 skeletal warriors
  Amaemon (D:9)
  A lindwurm (Lair:5)
  A wolf spider zombie (D:14)
  2 cyclopes
  3 ugly things
  3 manticores
  A centaur zombie (D:14)
  An oklob plant (Lair:2)
  9 elephants
  4 black mambas
  5 molten gargoyles
  2 ice statues (IceCv)
  5 rime drakes
  An orange demon (D:8)
  5 cane toads
  An unseen horror (D:11)
  12 komodo dragons
  5 kobold demonologists
  3 ice devils
  A meliai (shapeshifter) (D:14)
  A queen bee (Lair:1)
  5 trolls
  A hornet (D:11)
  8 blink frogs
  A polar bear (Lair:3)
  13 dream sheep (Lair:5)
  2 vampires (D:11)
  A water elemental (D:12)
  2 wyverns (Lair:4)
  A shadow (D:13)
  4 wraiths
  26 yaks
  6 basilisks
  4 hogs (Lair:3)
  6 humans (D:10)
  7 steam dragons
  5 vampire mosquitoes
  3 wargs (D:9)
  2 acid dragons
  16 orc warriors
  10 water moccasins
  4 hell hounds (Lair:5)
  6 ice beasts (Lair:2)
  A boggart (D:14)
  16 wolves
  2 ogres
  5 centaurs
  2 phantoms
  8 kobold brigands
  2 necrophages (D:6)
  6 bullfrogs
  9 scorpions
  8 wights (D:8)
  3 lindwurm simulacra (IceCv)
  45 killer bees
  4 howler monkeys
  9 electric eels
  4 lava snakes (Lair:5)
  9 komodo dragon simulacra (IceCv)
  11 orc priests
  3 iguanas
  13 orc wizards
  Robin (D:4)
  11 adders
  11 gnolls
  3 river rats (Sewer)
  6 acid dragon simulacra (IceCv)
  4 white imps
  3 steam dragon simulacra (IceCv)
  An adder zombie (Ossuary)
  3 worms
  A dart slug (D:2)
  53 orcs
  12 ball pythons
  11 endoplasms
  5 giant cockroaches
  25 goblins
  11 hobgoblins
  26 kobolds
  3 quokkas
  3 training dummies (D:8)
  3 ball python skeletons (Ossuary)
  5 bats
  7 frilled lizards
  A hobgoblin skeleton (Ossuary)
  3 hobgoblin zombies (Ossuary)
  2 orc skeletons (Ossuary)
  31 rats
  2 butterflies
637 creatures vanquished.

Vanquished Creatures (others)
  A butterfly (D:8)
  9 fungi
  31 plants
41 creatures vanquished.

Grand Total: 678 creatures vanquished

Notes
Turn   | Place    | Note
-------+----------+-------------------------------------------
     0 | Abyss:1  | Godmorgon the Formicid Abyssal Knight began the quest for
                  | the Orb.
     0 | Abyss:1  | Reached XP level 1. HP: 18/18 MP: 2/2
     1 | D:1      | Escaped the Abyss
   131 | D:1      | Reached XP level 2. HP: 17/24 MP: 3/3
  1030 | D:2      | Reached XP level 3. HP: 29/29 MP: 4/4
  1349 | D:2      | Reached *** piety under Lugonu
  1363 | D:2      | Reached skill level 3 in Maces & Flails
  1754 | D:3      | Noticed a centaur
  1784 | D:3      | Reached XP level 4. HP: 34/37 MP: 6/6
  2034 | D:3      | Killed a centaur
  2035 | D:3      | Reached skill level 4 in Maces & Flails
  2035 | D:3      | Reached XP level 5. HP: 22/42 MP: 7/7
  2654 | D:3      | Reached XP level 6. HP: 44/47 MP: 8/8
  2760 | D:4      | Found a glowing drain.
  2766 | D:4      | Reached **** piety under Lugonu
  2810 | Sewer    | Entered a sewer
  2943 | Sewer    | Reached skill level 5 in Maces & Flails
  3136 | Sewer    | Reached XP level 7. HP: 52/55 MP: 10/10
  3209 | Sewer    | Reached skill level 5 in Fighting
  4055 | D:4      | Reached skill level 5 in Invocations
  4136 | D:4      | Noticed Robin
  4158 | D:4      | Reached skill level 6 in Maces & Flails
  4166 | D:4      | Killed Robin
  4375 | D:4      | Reached XP level 8. HP: 53/63 MP: 11/11
  4532 | D:4      | Found Getzuih's General Store.
  4565 | D:4      | Identified the +1 robe of Xyuzout {+Inv Int+4}
  4932 | D:5      | Entered Level 5 of the Dungeon
  5026 | D:5      | You fall into a shaft and drop 3 floors!
  5104 | D:6      | Found Wakh's Antique Weapon Emporium.
  5193 | D:6      | Found a snail-covered altar of Cheibriados.
  5193 | D:6      | Found a stormy altar of Qazlal.
  5199 | D:6      | Found a glowing silver altar of Zin.
  5199 | D:6      | Found a basalt altar of Yredelemnul.
  5203 | D:6      | Found a shimmering altar of Xom.
  5205 | D:6      | Found a blossoming altar of Fedhas.
  5207 | D:6      | Found an iron altar of Okawaru.
  5258 | D:6      | Found a sparkling altar of Nemelex Xobeh.
  5302 | D:6      | Reached ***** piety under Lugonu
  5378 | D:6      | Found a sand-covered staircase.
  5416 | Ossuary  | Entered an ossuary
  5513 | Ossuary  | Noticed a flying skull
  5513 | Ossuary  | Noticed a wraith
  5526 | Ossuary  | Noticed a flying skull
  5548 | Ossuary  | Noticed a flying skull
  5572 | Ossuary  | Noticed a flying skull
  5718 | D:6      | Reached skill level 7 in Maces & Flails
  6626 | D:7      | Found a staircase to the Ecumenical Temple.
  6946 | D:6      | Reached XP level 9. HP: 70/71 MP: 13/13
  7056 | D:7      | Reached skill level 8 in Maces & Flails
  7823 | D:8      | Noticed a kobold demonologist
  7871 | D:8      | Noticed a red devil
  7877 | D:7      | Killed a kobold demonologist
  7912 | D:7      | Reached skill level 9 in Maces & Flails
  8108 | D:8      | Found a white marble altar of Elyvilon.
  8159 | D:7      | Reached XP level 10. HP: 28/80 MP: 16/16
  8786 | D:8      | Found Poolarr's Firing Range.
  8917 | D:8      | Reached skill level 10 in Maces & Flails
  9438 | D:9      | Noticed Amaemon
  9438 | D:9      | Noticed an orange demon
  9448 | D:8      | Killed an orange demon
  9491 | D:9      | Killed Amaemon
  9503 | D:9      | Found a flagged portal.
  9601 | Bailey   | Entered a bailey
  9823 | Bailey   | Reached skill level 11 in Maces & Flails
  9877 | Bailey   | Noticed a kobold demonologist
  9897 | Bailey   | Noticed a sun demon
  9902 | Bailey   | Killed a kobold demonologist
 10597 | Bailey   | Reached XP level 11. HP: 81/89 MP: 18/18
 10990 | Bailey   | Acquired 1049 gold pieces
 12029 | Bailey   | Found an iron altar of Okawaru.
 12038 | Bailey   | Noticed a sixfirhy
 12820 | D:9      | Reached skill level 10 in Invocations
 13834 | D:9      | Reached skill level 12 in Maces & Flails
 13887 | D:9      | Reached ****** piety under Lugonu
 14387 | D:9      | Found a staircase to the Lair.
 14910 | D:9      | Reached skill level 1 in Throwing
 14925 | D:9      | Found a staircase to the Orcish Mines.
 15542 | D:10     | Entered Level 10 of the Dungeon
 15803 | D:10     | Reached skill level 10 in Fighting
 15872 | D:10     | Noticed Josephine
 15905 | D:10     | Reached skill level 5 in Armour
 16004 | D:9      | Killed Josephine
 16141 | D:9      | Reached XP level 12. HP: 84/97 MP: 18/20
 16473 | D:10     | Identified a +2 demon whip of distortion (a +0 demon whip
                  | of venom corrupted by Lugonu)
 16473 | D:10     | Received a gift from Lugonu
 16641 | Lair:1   | Entered Level 1 of the Lair of Beasts
 17052 | Lair:1   | Reached skill level 13 in Maces & Flails
 17087 | Lair:1   | Reached skill level 5 in Throwing
 17695 | Lair:2   | You fall into a shaft and drop 2 floors!
 17954 | Lair:3   | Noticed Kirke
 18069 | Lair:4   | Noticed an eight-headed hydra
 18083 | Lair:4   | Killed an eight-headed hydra
 18192 | Lair:2   | Reached XP level 13. HP: 103/103 MP: 21/21
 18453 | Lair:2   | Found a hole to the Spider Nest.
 18607 | Lair:2   | Found a staircase to the Shoals.
 19492 | Lair:2   | HP: 5/105 [ice beast[an ice statue] (13)]
 19673 | Lair:3   | Noticed Gastronok
 19743 | Lair:3   | Killed Kirke
 19791 | Lair:3   | Killed Gastronok
 19992 | Lair:3   | Noticed a boulder beetle
 20005 | Lair:3   | Killed a boulder beetle
 20015 | Lair:3   | Noticed a seven-headed hydra
 20052 | Lair:2   | Reached skill level 14 in Maces & Flails
 20625 | Lair:3   | Killed a seven-headed hydra
 21365 | Lair:5   | Entered Level 5 of the Lair of Beasts
 21365 | Lair:5   | Noticed an eight-headed hydra
 21365 | Lair:5   | Found a staircase to the Slime Pits.
 21515 | Lair:5   | Noticed an eight-headed hydra
 21569 | Lair:4   | Reached skill level 10 in Armour
 21662 | Lair:5   | Noticed a four-headed hydra
 21680 | Lair:4   | Killed an eight-headed hydra
 21681 | Lair:4   | Reached XP level 14. HP: 89/113 MP: 23/23
 22786 | Lair:5   | HP: 5/114 [poisoned by a black mamba]
 23247 | Lair:5   | Found a large runed translucent door.
 23248 | Lair:5   | Found a large runed translucent door.
 23898 | D:11     | Found a frozen archway.
 23920 | IceCv    | Entered an ice cave
 24600 | IceCv    | Noticed a white draconian
 24618 | IceCv    | Killed a white draconian
 25119 | D:11     | Reached XP level 15. HP: 122/122 MP: 25/25
 25413 | D:11     | Acquired 718 gold pieces
 26782 | D:13     | Noticed Rupert
 26808 | D:12     | Banished Rupert
 26983 | D:13     | Acquired 446 gold pieces
 27311 | D:13     | Reached skill level 15 in Maces & Flails
 27353 | D:13     | Found a gate to the Vaults.
 27982 | D:13     | Reached XP level 16. HP: 132/132 MP: 26/26
 28260 | D:14     | Noticed Snorg
 28627 | D:14     | Killed from afar by a meliai

Illustrated notes

Levels and vault maps discovered:
D:1:      minmay_arrival_open_corners, layout_rooms, wad_floor_pattern_2,
          roderic_serpentine_path
D:2:      layout_loops_ring, grunt_ministairs_6
D:3:      minmay_bubble_buster, layout_rooms, minmay_misc_feat_columns,
          minmay_rat_hole
D:4:      layout_basic, cheibrodos_sewer_entry_drain, serial_shops, shop,
          grunt_decor_cap, uniq_robin
D:5:      layout_basic
D:6:      layout_layer_cave, minitemple, gammafunk_temple_overflow_wave,
          nemelex_dance_club_becter, nicolae_ossuary_entry_plus, serial_shops,
          shop, minmay_lizard_king
D:7:      layout_loops_ring, minmay_temple_entry_slanted
D:8:      layout_rooms, nicolae_elyvilon_peaceful_grove,
          nicolae_shop_firing_range
D:9:      layout_loops_ring, erik_lair_orcish_takeover, erik_orc_2,
          enter_bailey_5, uniq_amaemon
D:10:     layout_rooms, minmay_ruffians, uniq_josephine
D:11:     layout_basic, portal_ice_cave_demonic_guard
D:12:     layout_basic
D:13:     layout_big_octagon, david_vaults_2, uniq_rupert
D:14:     cheibrodos_statue_roulette, layout_basic, serial_undead,
          serial_undead_a, serial_undead_c, serial_undead_a, serial_undead_e,
          minmay_tree_intersection, uniq_snorg
Lair:1:   layout_roguey [special_room_bee], beast_lair_carwin_3,
          lemuel_fruit_fields
Lair:2:   layout_gridlike, elwin_shoals_entry_rocks,
          nicolae_spider_entry_non_spiders, st_stairs_10, ice2_lemuel
Lair:3:   layout_cave_pods, grunt_megastairs_5, lemuel_fruit_fields, uniq_kirke,
          uniq_gastronok
Lair:4:   layout_roguey, lemuel_fruit_fields, infiniplex_staircase_pool_2
Lair:5:   cheibrodos_lair_end_hotspot, layout_big_grid, slime_entry_1

Skill      XL: |  1  2  3  4  5  6  7  8  9 10 11 12 13 14 15 16 |
---------------+-------------------------------------------------+-----
Maces & Flails | 3 4 5 6 7 9 11 12 13 14 15 | 15.2
Invocations    | 3 4 5 6 8 9 10 11 12 13 14 | 14.5
Fighting       | 4 5 6 7 9 10 11 12 13 14 | 14.0
Armour         | 5 7 10 11 13 | 13.6
Throwing       | 3 6 8 9 |  9.8
Dodging        | |  0.8

Action                   |  1- 3 |  4- 6 |  7- 9 | 10-12 | 13-15 | 16-18 || total
-------------------------+-------+-------+-------+-------+-------+-------++-------
Melee: Mace              |    87 |   169 |    96 |       |       |       ||   352
       Punch             |     1 |     2 |       |     7 |    12 |     1 ||    23
       Giant club        |       |       |   271 |   307 |    17 |       ||   595
       Demon whip        |       |       |       |   426 |   890 |    99 ||  1415
       Trident           |       |       |       |     5 |       |       ||     5
Throw: Dart              |       |       |    12 |    25 |    27 |     3 ||    67
       Boomerang         |       |       |       |   125 |    93 |       ||   218
Invok: Brand Weapon With |       |       |       |     1 |       |       ||     1
 Abil: Dig               |       |     1 |       |     2 |     5 |       ||     8
Evoke: Wand              |       |       |       |     7 |     1 |       ||     8
  Use: Potion            |       |     1 |       |     7 |    10 |     1 ||    19
       Scroll            |       |     3 |     8 |    11 |    11 |       ||    33
 Stab: Sleeping          |     3 |     1 |       |       |       |       ||     4
       Distracted        |       |       |       |       |     2 |       ||     2
Armor: Leather armour    |    13 |       |       |       |       |       ||    13
       Scale mail        |    11 |    84 |    90 |       |       |       ||   185
       Plate armour      |       |       |   105 |   283 |   325 |    67 ||   780
       Chain mail        |       |       |    18 |       |       |       ||    18
Dodge: Dodged            |    52 |    94 |   177 |   355 |   348 |    44 ||  1070
